 Dungeon Crawl Stone Soup version 0.22-a0-110-g5b255cf (webtiles) character file.

107 4thArraOfDagon the Bolt Thrower (level 4, -1/38 HPs)
             Began as a Deep Dwarf Wanderer on Jan 27, 2018.
             Slain by Sigmund
             ... wielding a +0 scythe
              (12 damage)
             ... on level 4 of the Dungeon.
             The game lasted 00:01:50 (276 turns).

4thArraOfDagon the Bolt Thrower (DDWn)               Turns: 276, Time: 00:01:51

Health: -1/38      AC:  2    Str: 15    XL:     4   Next: 56%
Magic:  5/5        EV: 11    Int: 15    God:
Gold:   7          SH:  0    Dex: 11    Spells: 5/5 levels left

rFire    + . .     SeeInvis .   a - +2 hand crossbow
rCold    + . .     Gourm    .   (no shield)
rNeg     . . .     Faith    .   e - +0 robe
rPois    +         Spirit   .   (no helmet)
rElec    +         Reflect  .   (no cloak)
rCorr    +         Harm     .   (no gloves)
MR       .....                  (no boots)
Stlth    ++........             (no amulet)
HPRegen  0.00/turn              (no ring)
MPRegen  0.09/turn              (no ring)

@: resistant, non-regenerating
A: damage resistance, heal wounds, sense surroundings 1, no regeneration
a: Heal Wounds


You were on level 4 of the Dungeon.
You were not hungry.

You visited 1 branch of the dungeon, and saw 4 of its levels.

You collected 7 gold pieces.

Inventory:

Hand Weapons
 a - a +2 hand crossbow (weapon)
 g - a +0 hand axe
Missiles
 b - 5 bolts (quivered)
Armour
 e - a +0 robe (worn)
Scrolls
 h - a scroll of immolation {unknown}
 j - a scroll of teleportation {unknown}
Potions
 c - a potion of curing
Books
 d - the Disquisition on Transformation

   Spells                             Type                      Level
   a - Sticks to Snakes               Transmutation                2
   b - Passwall                       Transmutation/Earth          2
Comestibles
 f - 2 rations


   Skills:
 + Level 1.2 Fighting
 - Level 5.2 Crossbows
 - Level 1.2 Stealth
 - Level 1.0 Spellcasting
   Level 3.6 Transmutations
   Level 1.3 Evocations


You had 5 spell levels left.
You didn't know any spells.

Dungeon Overview and Level Annotations

Branches:
Dungeon (4/15)
 Temple: D:4-7

Altars:

Annotations:
D:4 Sigmund


Innate Abilities, Weirdness & Mutations

You are resistant to damage.
You can heal yourself by infusing magical energy.
You passively map a small area around you.
You do not regenerate.


Message History

Firing (i - inventory):
b - 10 bolts (quivered)
Press: ? - help, Shift-Dir - straight line You shoot a bolt.
You hear some strange, mumbled words.
A magic dart appears from out of thin air!
The magic dart hits you!
Firing (i - inventory):
b - 9 bolts (quivered)
Press: ? - help, Shift-Dir - straight line You shoot a bolt.
Something hits you.
Firing (i - inventory):
b - 8 bolts (quivered)
Press: ? - help, Shift-Dir - straight line You shoot a bolt.
Something hits you.
* * * LOW HITPOINT WARNING * * *
Firing (i - inventory):
b - 7 bolts (quivered)
Press: ? - help, Shift-Dir - straight line You shoot a bolt.
Firing (i - inventory):
b - 6 bolts (quivered)
Press: ? - help, Shift-Dir - straight line You shoot a bolt.
Something hits you!
You die...

* , * * , * , .# , * ,
# , .. ,,, ,, * ,.# ..
, , ,, ######* ..# , *
#. #....##...
.###.(########........
......({..........# ,*
.......#@........<# *
, ,.......#....##....#
, ,
..<...@#....#######*,
,,
.......#..........#* *
####..########....# ,*
, ### * #....# , , ,
*#....# , , ,,, * ,
.....# ** * * ,##....#


There were no monsters in sight!

Vanquished Creatures
  An ogre (D:4)
  2 adders
  A worm (D:3)
  2 giant cockroaches
  A bat (D:1)
  A goblin (D:1)
  A kobold (D:1)
  2 rats (D:3)
11 creatures vanquished.

Notes
Turn   | Place    | Note
-------+----------+-------------------------------------------
     0 | D:1      | 4thArraOfDagon the Deep Dwarf Wanderer began the quest for the Orb.
     0 | D:1      | 4thArraOfDagon set off with: a +2 hand crossbow, 24 bolts, a potion of curing, the Disquisition on Transformation, a +0 robe, a ration
     0 | D:1      | Reached XP level 1. HP: 18/18 MP: 2/2
    25 | D:1      | Identified the Disquisition on Transformation
   131 | D:2      | Reached skill level 3 in Crossbows
   131 | D:2      | Reached XP level 2. HP: 23/25 MP: 3/3
   232 | D:4      | Noticed an ogre
   238 | D:4      | Killed an ogre
   238 | D:4      | Reached skill level 5 in Crossbows
   238 | D:4      | Reached XP level 3. HP: 29/31 MP: 4/4
   238 | D:4      | Reached XP level 4. HP: 35/38 MP: 5/5
   262 | D:4      | Noticed Sigmund
   276 | D:4      | Slain by Sigmund

Vault maps used:
D:1:      tarquinn_simple_flora_water_d, minmay_tetromino_i2
D:2:      grunt_dithmenos_smoke, chequers_ecumenical_altar_twisty, uniq_jessica,
          uniq_natasha
D:3:      minmay_door_path, nicolae_overflow_crystal_walls, xom_teletrap_fun,
          lightli_sewer_entry_pipes
D:4:      elyvilon_altar_3, first_ration, uniq_sigmund

Skill      XL: |  1  2 |
---------------+-------+-----
Crossbows      | 3 5 |  5.2
Fighting       | |  1.2
Stealth        | |  1.2
Spellcasting   | |  1.0
Transmutations | |  3.6
Evocations     | |  1.3

Action                   |  1- 3 |  4- 6 || total
-------------------------+-------+-------++-------
 Fire: Hand crossbow     |    28 |    14 ||    42
  Use: Scroll            |     1 |       ||     1
       Potion            |       |     1 ||     1
Armor: Robe              |     2 |       ||     2
Dodge: Dodged            |     8 |       ||     8

Table legend:
 A = Spawn XP
 B = Non-spawn XP
 C = Spawn XP percentage of total XP
 D = Spawn monster count
 E = Non-spawn monster count
 F = Spawn count percentage of total count
 G = Total turns spent on level
                    A         B        C        D         E        F      G
               +---------+---------+-------+---------+---------+-------+---------
         Total |       0 |     153 |   0.0 |       0 |      11 |   0.0 |   276
               +---------+---------+-------+---------+---------+-------+---------
           D:1 |       0 |       5 |   0.0 |       0 |       4 |   0.0 |    82
           D:2 |       0 |      15 |   0.0 |       0 |       2 |   0.0 |    51
           D:3 |       0 |       7 |   0.0 |       0 |       3 |   0.0 |    87
           D:4 |       0 |     126 |   0.0 |       0 |       2 |   0.0 |    56
               +---------+---------+-------+---------+---------+-------+---------
